 Dungeon Crawl Stone Soup version 0.27.1-33-g824d729ab1 (webtiles) character file.

Game seed: 16601699149518264491

8 sking99 the Grasshopper (level 2, -5/23 HPs)
             Began as a Palentonga Warper on Dec 8, 2021.
             Slain by a gnoll (6 damage)
             ... on level 1 of the Dungeon.
             The game lasted 00:01:44 (383 turns).

sking99 the Grasshopper (Palentonga Warper)          Turns: 383, Time: 00:01:45

Health: -5/23      AC:  4    Str: 14    XL:     2   Next: 0%
Magic:  5/5        EV:  9    Int: 13    God:
Gold:   0          SH:  0    Dex:  9    Spells: 5/5 levels left

rFire    . . .     SeeInvis +   a - +0 falchion
rCold    . . .     Faith    .   (no shield)
rNeg     . . .     Spirit   .   b - +0 leather armour
rPois    .         Reflect  .   (no helmet)
rElec    .         Harm     .   (no cloak)
rCorr    .         Rampage  .   (no gloves)
Will     .....                  (no barding)
Stlth    +.........             (no amulet)
HPRegen  0.07/turn              (no ring)
MPRegen  0.09/turn              (no ring)

@: no status effects
A: large, rugged brown scales 3, see invisible, deformed body, roll 1, armoured
tail
a: Rolling Charge


You were on level 1 of the Dungeon.
You visited 1 branch of the dungeon, and saw 1 of its levels.

Inventory:

Hand Weapons
 a - a +0 falchion (weapon)
Missiles
 d - 5 boomerangs of dispersal (quivered)
Armour
 b - a +0 leather armour (worn)
Scrolls
 c - a scroll of blinking


   Skills:
 + Level 2.1 Fighting
 * Level 2.3 Long Blades
 + Level 0.8 Throwing
 - Level 0.7 Armour
 - Level 1.5 Dodging
 - Level 2.0 Spellcasting
 + Level 3.1 Translocations


You had 5 spell levels left.
You didn't know any spells.
Your spell library contained the following spells:

 Spells                   Type           Power      Damage    Failure   Level
 Blink                    Tloc           N/A        N/A       14%         2
 Gell's Gravitas          Tloc           4%         N/A       26%         3
 Lesser Beckoning         Tloc           4%         N/A       26%         3
 Teleport Other           Tloc           9%         N/A       26%         3
 Manifold Assault         Tloc           9%         N/A       94%         5


Dungeon Overview and Level Annotations

Branches:
Dungeon (1/15)

Altars:


Innate Abilities, Weirdness & Mutations

You are completely covered in rugged brown scales. (AC +3, +7% HP)
You have supernaturally acute eyesight. (SInv)
Armour fits poorly on your strangely shaped body.
You can roll at nearby foes to attack.
You have a long armoured tail.


Message History

A hobgoblin comes into view.
You hit the gnoll.
The gnoll is moderately wounded.
A frilled lizard comes into view.
The gnoll hits you with a +0 spear.
* * * LOW HITPOINT WARNING * * *
The kobold throws a stone.
The stone hits you but does no damage.
The gnoll hits you from afar with a +0 spear.
* * * LOW HITPOINT WARNING * * *
The kobold throws a stone.
The stone closely misses you.
The kobold throws a stone.
The stone hits you but does no damage.
You hit the endoplasm.
The endoplasm is heavily wounded.
The endoplasm freezes you.
You are frozen.
* * * LOW HITPOINT WARNING * * *
You hit the endoplasm.
You kill the endoplasm!
The gnoll barely misses you.
You have reached level 2!
You closely miss the frilled lizard.
The frilled lizard bites you but does no damage.
The frilled lizard bites you.
* * * LOW HITPOINT WARNING * * *
Roll where?
Press: ? - help, Dir - move target, f - frilled lizard, p - gnoll
Aim: a frilled lizard You roll forward with a clatter of scales!
You barely miss the frilled lizard. The frilled lizard barely misses you.
You riposte.
You hit the frilled lizard.
The frilled lizard is heavily wounded.
The frilled lizard bites you but does no damage.
You barely miss the frilled lizard.
The frilled lizard is heavily wounded.
The gnoll hits you from afar with a +0 spear.
* * * LOW HITPOINT WARNING * * *
The frilled lizard barely misses you.
You riposte.
You hit the frilled lizard.
You kill the frilled lizard!
The gnoll hits you from afar with a +0 spear.
You die...

...........#
...........#
#####g..g..### ###
# #......g.#
####⌠####
########.#
##lg.....##
#.###.#######.##
#g##.##gg.g.##.##
##.#.##†#####g##l#
#..g##@##g..##.#g#
#...#°##.###.#.#.##
#..##.#..#⌠#.#.#.⌠#
#..#..#.#....#g#.##
####<##.#.#⌠#..#.#
###.##.###g##.#
#⌠g#⌠....##.##
##.#######l##
##..g..g.##


You could see a gnoll and a hobgoblin.

Vanquished Creatures
  3 endoplasms (D:1)
  A hobgoblin (D:1)
  2 kobolds (D:1)
  A frilled lizard (D:1)
7 creatures vanquished.

Notes
Turn   | Place    | Note
-------+----------+-------------------------------------------
     0 | D:1      | sking99 the Palentonga Warper began the quest for the Orb.
     0 | D:1      | Reached XP level 1. HP: 17/17 MP: 3/3
   316 | D:1      | Reached XP level 2. HP: 2/23 MP: 5/5
   383 | D:1      | HP: 1/23 [gnoll (5)]
   383 | D:1      | Slain by a gnoll

Illustrated notes

Levels and vault maps discovered:
D:1:      nagdon_arrival_double_spiral, layout_basic, serial_shops,
          nicolae_shop_waterfront

Action                   || total
-------------------------++-------
Melee: Falchion          ||    19
       Tailslap          ||     2
 Abil: Rolling Charge    ||     2
Armor: Leather armour    ||    10
Dodge: Dodged            ||     6
       Rpst.: Falchion   ||     2
